 Dungeon Crawl Stone Soup version 0.26.1-11-gd32895ea62 (webtiles) character file.

Game seed: 18397685633884043224

2128 bigdumb the Chiller (level 8, 0/49 (62) HPs)
             Began as a Demigod Ice Elementalist on July 1, 2021.
             Slain by a centaur (3 damage)
             ... on level 8 of the Dungeon on July 2, 2021.
             The game lasted 00:23:01 (10620 turns).

bigdumb the Chiller (Demigod Ice Elementalist)     Turns: 10620, Time: 00:23:02

HP:   0/49 (62)     AC:  6    Str: 12 (13) XL:     8   Next: 82%
MP:   14/21         EV: 10    Int: 23      God:
Gold: 368           SH:  0    Dex: 15 (16) Spells: 1/20 levels left

rFire    x . .     SeeInvis .   (weapon currently unavailable)
rCold    + + +     Faith    .   (shield currently unavailable)
rNeg     . . .     Spirit   .   (armour currently unavailable)
rPois    +         Reflect  .   (helmet currently unavailable)
rElec    .         Harm     .   (cloak currently unavailable)
rCorr    .         Rampage  .   (gloves currently unavailable)
Will     .....                  (boots currently unavailable)
Stlth    ++........             l - amulet of magic regeneration
HPRegen  0.16/turn              (no ring)
MPRegen  0.42/turn              (no ring)

@: ice-form, studying Maces & Flails, heavily drained
A: large, deterioration 1, frail 1, high mp 1, strong 1
a: End Transformation


You were on level 8 of the Dungeon.
You were a creature of crystalline ice.
You visited 1 branch of the dungeon, and saw 8 of its levels.

You collected 368 gold pieces.

Inventory:

Hand Weapons
 r - a +2 flail (melded)
Armour
 g - a +2 robe of cold resistance (melded)
 s - a +0 cloak (melded)
Jewellery
 l - an amulet of magic regeneration (around neck)
 n - the ring of Pain Elu {*Slow rN+ Will+ Str+3 Slay+2}
   (You found it on level 4 of the Dungeon)

   [ring of willpower]

   It affects your strength (+3).
   It affects your accuracy and damage with ranged weapons and melee attacks
   (+2).
   It protects you from negative energy.
   It affects your willpower, your defense against some magical effects.
   It may slow you when you take damage.
Scrolls
 a - 3 scrolls of teleportation {unknown}
 b - 13 scrolls of identify
 d - 2 scrolls of amnesia
 e - a scroll of brand weapon {unknown}
 h - a scroll of magic mapping {unknown}
Potions
 c - 2 potions of curing
 f - 2 potions of degeneration
 j - 3 potions of flight
Books
 p - a manual of Maces & Flails


   Skills:
 + Level 0.7 Fighting
 * Level 6.1 Maces & Flails
 - Level 1.7 Dodging
 - Level 1.7 Stealth
 + Level 6.7 Spellcasting
 + Level 7.9 Ice Magic


You had one spell level left.
You knew the following spells:

 Your Spells              Type           Power        Failure   Level
a - Freeze                Ice            100%         1%          1
b - Frozen Ramparts       Ice            88%          1%          3
c - Ozocubu's Armour      Ice            44%          1%          3
d - Summon Ice Beast      Ice/Summ       26%          16%         4
e - Hailstorm             Conj/Ice       26%          16%         4
f - Ice Form              Ice/Tmut       26%          16%         4

Your spell library contained the following spells:

 Spells                   Type           Power        Failure   Level
 Animate Skeleton         Necr           14%          8%          1
 Apportation              Tloc           14%          8%          1
 Corona                   Hex            7%           8%          1
 Shock                    Conj/Air       28%          8%          1
 Summon Small Mammal      Summ           32%          8%          1
 Mephitic Cloud           Conj/Pois/Air  7%           24%         3
 Static Discharge         Conj/Air       7%           24%         3
 Sticky Flame             Conj/Fire      7%           61%         4
 Irradiate                Conj/Tmut      3%           91%         5


Dungeon Overview and Level Annotations

Branches:
Dungeon (8/15)             Temple (0/1) D:6
   Lair: D:8-11

Annotations:
D:7 Menkaure, Prince Ribbit


Innate Abilities, Weirdness & Mutations

You have an increased reservoir of magic. (+10% MP)
Your body sometimes deteriorates upon taking damage.
You are frail. (-10% HP)
Your muscles are strong. (Str +2)


Message History

There is an entrance to an ossuary on this level.
Hurry and find it before the portal is buried!
An orc and a centaur come into view.
There is a stone staircase leading up here.
You are too injured to fight recklessly!
The helpless centaur fails to defend itself.
You hit the centaur but do no damage.
The centaur hits you but does no damage.
The orc hits you but does no damage. The centaur barely misses you.
You hit the centaur. You freeze the centaur.
The centaur is lightly wounded.
The centaur hits you.
* * * LOW HITPOINT WARNING * * *
The orc hits you.
* * * LOW HITPOINT WARNING * * *
You hit the centaur but do no damage.
The centaur is lightly wounded.
The centaur hits you.
* * * LOW HITPOINT WARNING * * *
The orc barely misses you. The centaur hits you.
You die...

.
..##+#####
#.....c.#
#....oY.#
#.....<.#
#.......#
#.......#
#.......#
#.......#
.........#
.........#
..########


You could see a centaur and an orc.

Vanquished Creatures
  3 ice beasts
  A sky beast (D:6)
  2 phantoms (D:6)
  3 orc warriors
  2 centaurs
  3 bullfrogs
  3 orc priests
  4 jellies
  10 orc wizards
  Jessica (D:2)
  4 worker ants
  A hound skeleton (D:5)
  2 worker ant zombies
  4 gnolls (D:4)
  5 adders
  3 white imps (D:6)
  3 oozes
  3 worms
  4 dart slugs
  5 leopard geckos
  34 orcs
  7 giant cockroaches
  8 hobgoblins
  10 jackals
  10 kobolds
  6 quokkas
  2 ball pythons
  9 bats
  3 frilled lizards
  15 goblins
  A quokka skeleton (D:5)
  12 rats
183 creatures vanquished.

Vanquished Creatures (collateral kills)
  An adder zombie (D:7)
  2 jackals (D:7)
  A quokka (D:7)
  A leopard gecko skeleton (D:7)
5 creatures vanquished.

Grand Total: 188 creatures vanquished

Notes
Turn   | Place    | Note
-------+----------+-------------------------------------------
     0 | D:1      | bigdumb the Demigod Ice Elementalist began the quest for
                  | the Orb.
     0 | D:1      | Reached XP level 1. HP: 14/14 MP: 5/5
   183 | D:1      | Reached skill level 4 in Ice Magic
   193 | D:1      | Reached XP level 2. HP: 13/20 MP: 0/7
   746 | D:1      | Reached XP level 3. HP: 26/26 MP: 6/9
  1527 | D:2      | Noticed Jessica
  1538 | D:2      | Killed Jessica
  1543 | D:2      | Learned a level 3 spell: Frozen Ramparts
  1652 | D:2      | Reached XP level 4. HP: 28/33 MP: 6/11
  2088 | D:2      | Found a faded altar of an unknown god.
  2691 | D:3      | Reached skill level 5 in Ice Magic
  2821 | D:3      | Reached XP level 5. HP: 23/38 MP: 5/13
  3681 | D:3      | Learned a level 3 spell: Ozocubu's Armour
  4380 | D:4      | Reached XP level 6. HP: 35/45 MP: 5/15
  4687 | D:4      | Got a flickering lapis lazuli ring
  4715 | D:4      | Identified the ring of Pain Elu {*Slow rN+ Will+ Str+3
                  | Slay+2} (You found it on level 4 of the Dungeon)
  4739 | D:4      | Reached skill level 6 in Ice Magic
  4851 | D:4      | Reached XP level 7. HP: 36/50 MP: 8/17
  4975 | D:4      | Reached skill level 5 in Spellcasting
  5802 | D:5      | Entered Level 5 of the Dungeon
  6659 | D:5      | Reached skill level 1 in Maces & Flails
  7281 | D:5      | Found a bloodstained altar of Trog.
  7553 | D:6      | Gained mutation: You are frail. (-10% HP) [potion of
                  | mutation]
  7553 | D:6      | Gained mutation: Your body sometimes deteriorates upon
                  | taking damage. [potion of mutation]
  7553 | D:6      | Gained mutation: Your muscles are strong. (Str +2) [potion
                  | of mutation]
  7557 | D:6      | Reached skill level 7 in Ice Magic
  7557 | D:6      | Reached XP level 8. HP: 16/51 MP: 17/20
  8214 | D:6      | Found a staircase to the Ecumenical Temple.
  8253 | D:6      | Reached skill level 5 in Maces & Flails
  9262 | D:7      | Found a hazy altar of Hepliaklqana.
  9311 | D:7      | Noticed Menkaure
  9767 | D:6      | Learned a level 4 spell: Summon Ice Beast
  9880 | D:7      | Noticed a nameless horror
 10315 | D:7      | Learned a level 4 spell: Hailstorm
 10459 | D:7      | Identified Sif Muna's Incunabulum of Cold and Conjuration
 10473 | D:7      | Learned a level 4 spell: Ice Form
 10594 | D:7      | Noticed Prince Ribbit
 10620 | D:8      | Slain by a centaur

Illustrated notes

Levels and vault maps discovered:
D:1:      dpeg_arrival_more_subterranean_lakeside_camping, layout_basic
D:2:      layout_basic, chequers_ecumenical_altar_simple, grunt_decor_cap,
          uniq_jessica
D:3:      minmay_skewed_foursquare, layout_rooms
D:4:      layout_basic, minmay_manual_macuahuitl
D:5:      layout_cave_pods, cheibrodos_sewer_entry_drain, trog_butcher_becter
D:6:      layout_basic, minmay_temple_entry_wispy
D:7:      layout_basic, basic_altar, minmay_misc_feat_alley,
          uniq_prince_ribbit1, uniq_menkaure
D:8:      layout_gridville, chequers_ossuary_entry_cave, minmay_manual_mess

Skill      XL: |  1  2  3  4  5  6  7  8 |
---------------+-------------------------+-----
Ice Magic      | 4 5 6 7 |  7.9
Spellcasting   | 2 3 4 5 6 |  6.7
Maces & Flails | 3 6 |  6.1
Fighting       | |  0.7
Dodging        | |  1.7
Stealth        | |  1.7

Action                   |  1- 3 |  4- 6 |  7- 9 || total
-------------------------+-------+-------+-------++-------
Melee: Unarmed           |    19 |    18 |    10 ||    47
       Flail             |       |       |   147 ||   147
 Cast: Freeze            |    53 |   122 |    85 ||   260
       Frozen Ramparts   |     1 |     9 |    21 ||    31
       Ozocubu's Armour  |       |     7 |    25 ||    32
       Summon Ice Beast  |       |       |     5 ||     5
       Ice Form          |       |       |     1 ||     1
       Hailstorm         |       |       |     1 ||     1
  Use: Potion            |       |       |    12 ||    12
       Scroll            |       |       |     9 ||     9
 Stab: Sleeping          |       |       |     2 ||     2
       Distracted        |       |       |     1 ||     1
Armor: Robe              |    15 |    27 |    95 ||   137
       Skin              |       |       |     5 ||     5
Dodge: Dodged            |    37 |    72 |   158 ||   267
